 Dungeon Crawl Stone Soup version 0.31-a0-986-g5e6e4ef867 (webtiles) character file.

Game seed: 11643422201068051052

6232 Danienth the Basher (level 10, -1/58 HPs)
             Began as a Tengu Air Elementalist on Nov 7, 2023.
             Was an Initiate of Qazlal.
             Slain by a fire elemental (8 damage)
             ... created by the fiery vengeance of Ignis
             ... on level 10 of the Dungeon.
             The game lasted 00:38:33 (10612 turns).

Danienth the Basher (Tengu Air Elementalist)       Turns: 10612, Time: 00:38:34

Health: -1/58      AC: 12    Str:  9    XL:     10   Next: 92%
Magic:  25/26      EV: 19    Int: 15    God:    Qazlal [......]
Gold:   374        SH:  0    Dex: 19    Spells: 13/17 levels left

rFire   . . .        i - +4 flail (freeze)
rCold   + . .        (no shield)
rNeg    . . .        r - +6 leather armour "Dibaeke" {Fly}
rPois   +            (helmet restricted)
rElec   +            (no cloak)
rCorr   +            t - +2 pair of gloves
SInv    .            (boots unavailable)
Will    .....        (no amulet)
Stlth   ++           e - ring of magical power
HPRegen 0.29/turn    g - ring of poison resistance
MPRegen 0.20/turn

%: acrobat
@: brilliant, swift (expiring), resistant, weak-willed, flying, studying Ranged
Weapons, fire susceptible, quick
A: beak, talons 3, evasive flight, acrobatic
a: Renounce Religion


You were on level 10 of the Dungeon.
You worshipped Qazlal.
Qazlal was noncommittal.
You visited 2 branches of the dungeon, and saw 11 of its levels.

You collected 374 gold pieces.

Inventory:

Hand Weapons
 i - a +4 flail of freezing (weapon)
 l - a +0 mace
 B - a +2 dire flail
 F - a +3 short sword of draining
 G - a +4 long sword
 I - a +1 flail of holy wrath
Missiles
 w - 3 poisoned darts
 z - 2 throwing nets
 A - 5 silver javelins
Armour
 r - the +6 leather armour "Dibaeke" (worn) {Fly}
   (You found it on level 3 of the Dungeon)

   Fly:       It grants you flight.
 t - a +2 pair of gloves (worn)
 E - +0 acid dragon scales
Jewellery
 e - a ring of magical power (left hand)
 g - a ring of poison resistance (right hand)
 m - a ring of see invisible
 D - a ring of ice
Wands
 p - a wand of mindburst (13)
 y - a wand of quicksilver (12)
Scrolls
 h - 2 scrolls of immolation
 k - 2 scrolls of teleportation
 n - 4 scrolls of fog
 v - 2 scrolls of revelation
Potions
 a - a potion of lignification {unknown}
 b - 2 potions of magic
 d - 4 potions of curing
 f - a potion of invisibility
 j - 3 potions of might {unknown}
 q - a potion of berserk rage {unknown}
 s - a potion of resistance
 u - a potion of enlightenment {unknown}
 x - a potion of cancellation {unknown}


   Skills:
 + Level 4.9 Fighting
 - Level 14.0 Maces & Flails
 + Level 2.0 Armour
 - Level 6.3 Dodging
 - Level 2.0 Stealth
 + Level 4.0 Spellcasting
 + Level 4.2 Conjurations
 + Level 4.9 Air Magic


You had 13 spell levels left.
You knew the following spells:

 Your Spells              Type           Power      Damage    Failure   Level
a - Shock                 Conj/Air       100%       1d9       3%          1
b - Swiftness             Air            26%        N/A       10%         3

Your spell library contained the following spells:

 Spells                   Type           Power      Damage    Failure   Level
 Magic Dart               Conj           92%        1d7       4%          1
 Static Discharge         Conj/Air       50%        3-6/arc   5%          2
 Searing Ray              Conj           46%        2d6       6%          2
 Momentum Strike          Conj/Tloc      28%        3d8       16%         2
 Freeze                   Ice            16%        1d4       24%         1
 Slow                     Hex            16%        N/A       24%         1
 Hailstorm                Conj/Ice       14%        3d5       30%         3
 Airstrike                Air            13%        2d(2-18)  32%         4
 Blink                    Tloc           8%         N/A       36%         2
 Lesser Beckoning         Tloc           8%         N/A       36%         2
 Wereblood                Tmut           4%         N/A       36%         2
 Confusing Touch          Hex            4%         N/A       58%         3
 Frozen Ramparts          Ice            8%         1d2       58%         3
 Inner Flame              Hex/Fire       4%         N/A       58%         3
 Sigil of Binding         Hex            4%         N/A       58%         3
 Vampiric Draining        Necr           4%         2d6       58%         3
 Flame Wave               Conj/Fire      14%        2d6       71%         4
 Fulminant Prism          Conj/Hex       7%         3d7       71%         4
 Sticky Flame             Conj/Fire      14%        2d4       71%         4
 Irradiate                Conj/Tmut      7%         3d14      96%         5


Dungeon Overview and Level Annotations

Branches:
Dungeon (10/15)            Temple (1/1) D:5            Lair (0/5) D:9
    Orc: D:9-12

Altars:
Ashenzari
Cheibriados
Dithmenos
Elyvilon
Fedhas
Gozag
Hepliaklqana
Kikubaaqudgha
Nemelex Xobeh
Okawaru
Qazlal
Ru
Sif Muna
Trog
Uskayaw
Vehumet
Wu Jian
Xom
Zin
The Shining One
Ignis

Shops:
D:5 [   D:6 (*


Innate Abilities, Weirdness & Mutations

You have a beak for a mouth.
You have claws for feet.
Your magical flight helps you evade attacks. (EV +4)
You can magically evade attacks while moving or waiting.


Message History

Your peck misses the fire elemental.
The fire elemental is lightly damaged.
You start to feel a little slower.
The fire elemental hits you. The fire elemental burns you!
* * * LOW HITPOINT WARNING * * *
Hit: i) +4 flail (freeze)
Press: ? - help, Dir - move target, f/p - fire elemental
Aim: a fire elemental (lightly damaged, durably summoned, about 34% to evade your +4 flail of freezing)
You miss the fire elemental.
The fire elemental is lightly damaged.
The fire elemental hits you. The fire elemental burns you!
* * * LOW HITPOINT WARNING * * *
Hit: i) +4 flail (freeze)
Press: ? - help, Dir - move target, f/p - fire elemental
Aim: a fire elemental (lightly damaged, durably summoned, about 34% to evade your +4 flail of freezing)
You hit the fire elemental but do no damage.
The fire elemental is lightly damaged.
The fire elemental misses you.
Okay, then.
You feel much better.
The deep elf pyromancer gestures wildly while chanting.
The deep elf pyromancer blinks!
The fire elemental misses you.
You feel protected. The fire elemental hits you. The fire elemental burns you!
* * * LOW HITPOINT WARNING * * *
Hit: i) +4 flail (freeze)
Press: ? - help, Dir - move target, f/p - fire elemental
Aim: a fire elemental (lightly damaged, durably summoned, about 34% to evade your +4 flail of freezing)
You sock the fire elemental! You freeze the fire elemental.
Your peck misses the fire elemental.
The fire elemental is heavily damaged.
The fire elemental barely misses you.
Hit: i) +4 flail (freeze)
Press: ? - help, Dir - move target, f/p - fire elemental
Aim: a fire elemental (heavily damaged, durably summoned, about 34% to evade your +4 flail of freezing)
You hit the fire elemental. You freeze the fire elemental.
Your kick misses the fire elemental. Your peck misses the fire elemental.
The fire elemental is heavily damaged.
The fire elemental hits you. The fire elemental burns you!
You die...

..# ###..##
...... ##....#
.....#
######....#
..........###.#
#@......# #
#E..###.# ..
#...# #.# #...# #
###.###...#
..##.....#...#
........#...###.#
#..............
##.....#...###.#


You could see a fire elemental.

Vanquished Creatures
  A two-headed ogre (D:10)
  Amaemon (D:8)
  An orange demon (D:8)
  A komodo dragon (D:9)
  4 fire elementals (D:9)
  A wyvern (D:8)
  3 yaks (D:8)
  An acid dragon (D:5)
  3 orc warriors
  2 water moccasins
  A black bear (D:6)
  3 ice beasts (D:5)
  A sky beast (D:7)
  2 ogres
  A centaur (D:8)
  A gnoll sergeant (D:6)
  3 bullfrogs
  3 scorpions
  17 wights
  13 killer bees
  A howler monkey (D:7)
  4 hounds
  An orc priest (D:9)
  2 jellies
  2 gnoll boudas
  An iguana (D:6)
  7 orc wizards
  A sleepcap (D:6)
  17 gnolls
  7 adders
  2 white imps
  2 ufetubi (D:5)
  3 worms
  3 dart slugs
  20 orcs
  4 bats
  8 endoplasms
  2 giant cockroaches
  3 goblins
  9 hobgoblins
  3 jackals (D:1)
  10 kobolds
  2 quokkas
  5 ball pythons
  8 frilled lizards
  4 rats
194 creatures vanquished.

Vanquished Creatures (others)
  60 foxfires
60 creatures vanquished.

Grand Total: 254 creatures vanquished

Notes
Turn   | Place    | Note
-------+----------+-------------------------------------------
     0 | D:1      | Danienth the Tengu Air Elementalist began the quest for the
                  | Orb.
     0 | D:1      | Reached XP level 1. HP: 10/10 MP: 4/4
   283 | D:1      | Reached XP level 2. HP: 15/15 MP: 0/6
   828 | D:1      | Reached XP level 3. HP: 19/19 MP: 7/7
   964 | D:1      | Found a faded altar of an unknown god.
   964 | D:1      | Noticed an Ice Fiend
  1174 | D:1      | Prayed at the altar of an unknown god.
  1174 | D:1      | Became a worshipper of Ignis, the Dying Flame
  1581 | D:2      | Reached skill level 1 in Maces & Flails
  1745 | D:2      | Learned a level 3 spell: Swiftness
  2284 | D:3      | Found a hide-covered altar of Uskayaw.
  2297 | D:3      | Reached skill level 1 in Fighting
  2297 | D:3      | Reached skill level 2 in Maces & Flails
  2297 | D:3      | Reached XP level 4. HP: 9/25 MP: 8/8
  2704 | D:3      | Identified the +6 leather armour "Dibaeke" {Fly}
  3330 | D:3      | Reached XP level 5. HP: 30/30 MP: 9/9
  3428 | D:3      | Reached skill level 3 in Maces & Flails
  3714 | D:4      | Reached skill level 4 in Maces & Flails
  4103 | D:4      | Reached XP level 6. HP: 8/36 MP: 10/10
  4310 | D:5      | Entered Level 5 of the Dungeon
  4382 | D:5      | Noticed an ice beast
  4402 | D:5      | Killed an ice beast
  4403 | D:5      | Reached skill level 5 in Maces & Flails
  4417 | D:5      | Found a staircase to the Ecumenical Temple.
  4431 | D:5      | Reached skill level 6 in Maces & Flails
  4431 | D:5      | Gained mutation: Your magical flight helps you evade
                  | attacks. (EV +4) [Tengu growth]
  4431 | D:5      | Reached XP level 7. HP: 33/41 MP: 11/11
  4547 | D:5      | Reached skill level 7 in Maces & Flails
  4600 | D:5      | Found Tuzovi's Antique Armour Boutique.
  4999 | D:5      | Reached skill level 8 in Maces & Flails
  5048 | D:5      | Found a shimmering blue altar of Sif Muna.
  5127 | D:5      | Reached XP level 8. HP: 41/46 MP: 12/12
  5225 | D:6      | Found a sacrificial altar of Ru.
  5253 | D:6      | Reached skill level 9 in Maces & Flails
  5476 | D:6      | Found Kyettora's Lightly-Used Armoury.
  5681 | D:6      | Reached skill level 10 in Maces & Flails
  5902 | D:6      | Found Xem Ral's Antique Weapon Boutique.
  6209 | D:7      | Reached XP level 9. HP: 50/51 MP: 12/13
  7093 | D:7      | Found a shadowy altar of Dithmenos.
  7277 | D:8      | Reached skill level 11 in Maces & Flails
  7491 | D:8      | Found a glowing golden altar of the Shining One.
  7563 | D:8      | Reached skill level 5 in Dodging
  7698 | D:8      | Noticed Amaemon
  7698 | D:8      | Noticed an orange demon
  7721 | D:8      | Killed an orange demon
  7752 | D:8      | Killed Amaemon
  7753 | D:8      | Reached skill level 12 in Maces & Flails
  7753 | D:8      | Reached XP level 10. HP: 22/58 MP: 16/16
  8563 | D:8      | Found a hazy altar of Hepliaklqana.
  8730 | D:8      | Reached skill level 13 in Maces & Flails
  9437 | D:9      | Found a staircase to the Lair.
  9458 | D:9      | Reached skill level 14 in Maces & Flails
  9484 | D:9      | Noticed a kobold demonologist
  9498 | D:8      | Fell from the grace of Ignis
  9627 | Temple   | Entered the Ecumenical Temple
  9744 | Temple   | Became a worshipper of Qazlal Stormbringer
 10016 | D:9      | Reached skill level 1 in Armour
 10061 | D:10     | Entered Level 10 of the Dungeon
 10061 | D:10     | Noticed a two-headed ogre
 10071 | D:10     | Killed a two-headed ogre
 10434 | D:9      | HP: 2/58 [fire elemental[the fiery vengeance of Ignis] (7)]
 10539 | D:9      | HP: 2/58 [fire elemental[the fiery vengeance of Ignis] (8)]
 10592 | D:10     | Noticed a deep elf pyromancer
 10607 | D:10     | HP: 2/58 [fire elemental[the fiery vengeance of Ignis]
                  | (10)]
 10612 | D:10     | Slain by a fire elemental

Illustrated notes

Levels and vault maps discovered:
D:1:      kennysheep_arrival_seaside, layout_loops_cross,
          dreamdust_ecumenical_altar_sealed_demon
D:2:      layout_basic
D:3:      layout_loops_corners, nicolae_uskayaw_murder_on_the_dancefloor
D:4:      layout_rooms, minivault_24
D:5:      layout_rooms, tgw_sif, minmay_temple_entry_waves,
          nicolae_stop_n_shop_2
D:6:      layout_rooms, nicolae_ru_awakened_eye, serial_shops,
          nicolae_stop_n_shop_1, minmay_shop_damaged
D:7:      layout_gridville, grunt_dithmenos_smoke_and_mirrors
D:8:      layout_loops_cross, nicolae_hepliaklqana_hippocampus,
          nicolae_tso_carved_into_rock, uniq_amaemon
D:9:      layout_loops_ring, lightli_temple_of_fire, david_lair_shrubbed,
          serial_shops, nicolae_shop_tiny_statue_garden
D:10:     layout_basic, dk_yredelemnul_ordeal, nicolae_trove_entry_isolated,
          grunt_ogre_cave
Temple:   eino_temple_water

Skill      XL: |  1  2  3  4  5  6  7  8  9 10 |
---------------+-------------------------------+-----
Conjurations   | 2 3 4 |  4.2
Maces & Flails | 2 4 6 8 10 12 14 | 14.0
Fighting       | 1 2 3 4 |  4.9
Dodging        | 3 6 |  6.3
Spellcasting   | 3 4 |  4.0
Armour         | 2 |  2.0
Stealth        | |  2.0
Air Magic      | |  4.9

Action                     |  1- 3 |  4- 6 |  7- 9 | 10-12 || total
---------------------------+-------+-------+-------+-------++-------
  Melee: Mace              |    32 |   123 |   151 |       ||   306
         Kick              |     9 |    33 |    69 |    57 ||   168
         Peck              |     4 |    23 |    47 |    29 ||   103
         Punch             |       |     1 |     2 |     2 ||     5
         Flail             |       |       |    52 |    47 ||    99
         Dire flail        |       |       |       |   126 ||   126
   Cast: Shock             |    55 |    34 |   177 |    97 ||   363
         Swiftness         |       |       |     2 |     2 ||     4
 Invoke: Foxfire Swarm     |     1 |     3 |     2 |       ||     6
         Fiery Armour      |     1 |     1 |     1 |       ||     3
         Rising Flame      |       |       |       |     1 ||     1
         Renounce Religion |       |       |       |     1 ||     1
    Use: Scroll            |     2 |     1 |    10 |     4 ||    17
         Potion            |       |       |       |     6 ||     6
   Stab: Sleeping          |     2 |     3 |     2 |       ||     7
 Armour: Robe              |    19 |       |       |       ||    19
         Leather armour    |       |   101 |   107 |   127 ||   335
  Dodge: Dodged            |    19 |   102 |   177 |   219 ||   517

Table legend: (Time is in decaauts)
 A = Elapsed time spent in this place.
 B = Non-inter-level travel time spent in this place.
 C = Inter-level travel time spent in this place.
 D = Time resting spent in this place.
 E = Time spent auto-exploring this place.
 F = Levels seen in this place.
 G = Mean time per level.
                   A        B        C        D        E       F      G
               +--------+--------+--------+--------+--------+-----+--------+
         Total |  10570 |   9586 |    984 |   1666 |   6354 |  11 |  960.9 |
       Dungeon |  10436 |   9585 |    851 |   1666 |   6354 |  10 | 1043.6 |
        Temple |    134 |      2 |    132 |      0 |      0 |   1 |  134.0 |
               +--------+--------+--------+--------+--------+-----+--------+

Top non-repeatable levels by time:
     D:8: 1858 daAuts
     D:1: 1405 daAuts
     D:7: 1125 daAuts
     D:3: 1071 daAuts
     D:6: 1058 daAuts
     D:2: 1028 daAuts
     D:5: 929 daAuts
     D:4: 838 daAuts
     D:9: 676 daAuts
    D:10: 442 daAuts
  Temple: 134 daAuts
